Map: Romanticide LE

Players

SpeCial - Winner!

  • Race: Terran Terran

JimRising

  • Race: Zerg Zerg

Event: DreamHack SC2 Masters 2021 Winter

VOD

Have the link to the VOD?

Description

Time

  • Played on: Sept. 29, 2021, 4:33 p.m.
  • Length: 9:23

All games in this series

Show
View Real Time Build Order
Export as new Build Order

SpeCial Terran - Winner!

Build Orders: Gas First Reaper Expand 

Get SALT Encoding   

  12  0:00  SCV  
  13  0:12  SCV  
  14  0:17  Supply Depot  
  14  0:24  SCV  
  15  0:29  Refinery  
  15  0:39  SCV  
  16  0:44  Barracks  
  16  0:51  SCV  
  17  1:03  SCV  
  18  1:15  SCV  
  19  1:31  Reaper, Orbital Command  
  20  1:45  Command Center  
  20  1:56  Factory  
  20  1:59  SCV  
  21  2:08  Barracks Reactor  
  21  2:12  Supply Depot, SCV  
  22  2:24  SCV  
  23  2:33  Marine  
  23  2:36  SCV  
  24  2:45  Hellion  
  24  2:47  Starport  
  24  2:48  SCV  
  24  2:51  Marine  
  25  3:00  SCV  
  26  3:07  Hellion, Refinery  
  26  3:09  Marine  
  26  3:12  SCV  
  30  3:13  Orbital Command  
  30  3:15  Refinery  
  30  3:19  Bunker  
  30  3:24  SCV  
  30  3:25  Starport Tech Lab  
  31  3:27  Marine  
  31  3:30  Widow Mine  
  34  3:37  SCV  
  34  3:38  SCV  
  36  3:44  Banshee  
  36  3:46  Marine  
  40  3:49  SCV  
  40  3:51  SCV  
  42  4:02  Cloaking Field  
  42  4:04  Marine  
  42  4:06  SCV  
  38  4:20  SCV  
  39  4:26  Widow Mine  
  39  4:27  SCV  
  39  4:28  Banshee  
  44  4:32  SCV  
  44  4:33  Engineering Bay  
  45  4:38  Supply Depot  
  43  4:52  Supply Depot  
  43  4:57  Starport  
  43  5:00  SCV x2  
  45  5:12  SCV  
  46  5:14  Banshee  
  46  5:16  Factory Reactor  
  49  5:23  Hyperflight Rotors  
  49  5:24  SCV x2  
  51  5:36  SCV x2  
  53  5:47  Command Center  
  53  5:48  SCV  
  54  5:50  Starport Tech Lab  
  54  5:56  Supply Depot  
  54  5:57  Hellion x2, SCV  
  54  6:03  Banshee  
  59  6:08  Banshee  
  62  6:15  Supply Depot  
  62  6:17  SCV x2  
  64  6:20  Refinery  
  64  6:27  Hellion x2  
  64  6:30  SCV  
  64  6:31  Supply Depot  
  64  6:32  Starport  
  69  6:33  SCV  
  70  6:42  Supply Depot, SCV  
  70  6:45  SCV  
  72  6:47  Banshee  
  72  6:51  Banshee  
  72  6:54  SCV  
  79  6:56  Hellion x2  
  79  6:57  Supply Depot, SCV  
  84  7:06  SCV  
  86  7:09  SCV  
  86  7:13  SCV, Barracks  
  87  7:18  SCV  
  87  7:21  SCV  
  89  7:25  SCV  
  89  7:26  Factory Reactor  
  90  7:30  Banshee, SCV  
  90  7:33  SCV  
  90  7:34  Banshee  
  98  7:37  Liberator, SCV  
  98  7:42  SCV  
  103  7:46  SCV  
  103  7:49  SCV  
  105  7:54  SCV  
  105  7:58  Liberator, SCV  
  110  8:02  Refinery x2  
  110  8:03  Orbital Command  
  110  8:05  Supply Depot  
  110  8:06  Supply Depot  
  110  8:07  Armory  
  110  8:10  Armory  
  110  8:11  SCV  
  107  8:15  Hellion x2  
  107  8:16  SCV  
  107  8:20  Liberator  
  107  8:23  SCV  
  100  8:28  SCV  
  100  8:29  Liberator x2  
  100  8:30  SCV  
  100  8:35  SCV  
  100  8:40  SCV  
  97  8:42  SCV  
  97  8:47  SCV  
  102  8:53  SCV  
  102  8:54  SCV  
  101  8:59  SCV  
  101  9:02  Supply Depot  
  96  9:03  Engineering Bay  
  96  9:05  SCV  
  96  9:06  SCV  
Show
View Real Time Build Order
Export as new Build Order

JimRising Zerg 

Build Orders: Pool First 

Get SALT Encoding   

  12  0:00  Drone  
  13  0:12  Overlord  
  13  0:16  Drone  
  14  0:33  Spawning Pool  
  13  0:36  Drone  
  13  0:40  Drone  
  15  0:44  Drone  
  16  1:09  Hatchery  
  15  1:16  Extractor  
  14  1:20  Zergling x6  
  17  1:28  Queen  
  19  1:33  Drone  
  20  1:43  Drone  
  22  1:54  Drone  
  22  2:04  Overlord  
  22  2:12  Roach Warren  
  21  2:16  Drone  
  22  2:23  Drone  
  22  2:25  Drone  
  24  2:34  Spore Crawler  
  24  2:35  Drone  
  24  2:37  Extractor  
  23  2:45  Spore Crawler  
  23  2:49  Spore Crawler  
  20  2:54  Roach x4  
  31  2:59  Roach  
  31  3:03  Roach  
  35  3:09  Overlord  
  35  3:15  Overlord  
  35  3:27  Queen  
  35  3:29  Drone  
  35  3:31  Drone  
  39  3:36  Drone  
  39  3:40  Drone x2  
  42  3:45  Zergling x2  
  42  3:47  Zergling x2  
  44  3:50  Drone  
  45  3:56  Ravager  
  45  3:57  Ravager  
  45  4:01  Drone x3  
  48  4:05  Drone  
  48  4:07  Drone  
  48  4:12  Ravager  
  48  4:16  Overlord  
  49  4:31  Overlord  
  49  4:38  Drone x6  
  49  4:42  Drone  
  49  4:44  Drone  
  52  4:51  Drone  
  52  4:52  Drone x3  
  46  4:54  Queen  
  46  4:58  Metabolic Boost  
  48  5:03  Roach  
  48  5:04  Roach  
  52  5:08  Spore Crawler  
  52  5:10  Spore Crawler  
  52  5:14  Queen  
  52  5:21  Extractor  
  52  5:23  Extractor  
  52  5:24  Roach  
  52  5:25  Roach  
  53  5:32  Extractor  
  53  5:33  Spore Crawler  
  53  5:34  Overlord  
  53  5:35  Spore Crawler  
  50  5:36  Drone x2  
  51  5:47  Drone  
  51  6:04  Drone x8  
  51  6:05  Drone x2  
  51  6:06  Lair  
  51  6:09  Drone  
  60  6:21  Hatchery  
  60  6:25  Drone  
  60  6:26  Overlord x2  
  60  6:44  Queen  
  60  6:46  Drone x2  
  64  6:47  Roach x2  
  64  6:48  Roach x2  
  72  7:07  Drone x4  
  76  7:14  Overlord x2  
  76  7:15  Drone, Spire  
  76  7:25  Baneling Nest  
  76  7:26  Drone  
  76  7:27  Overlord  
  75  7:30  Overseer  
  69  7:43  Drone x6  
  71  7:46  Queen x2  
  75  7:51  Drone x3  
  77  8:00  Overlord  
  74  8:23  Hatchery  
  68  8:27  Mutalisk x6  
  69  8:39  Mutalisk  
  62  8:54  Hatchery  
  59  8:58  Mutalisk  

Tags
 
Add a new tag
Caveats
  • Supply blocks, unpowered buildings, or Contaminate may cause inaccurate times.
  • Supply counts are checked every 10 seconds.